 Dungeon Crawl Stone Soup version 0.13.0-59-g13bd910 (webtiles) character file.

266 Lilouch the Magician (level 4, -2/30 HPs)
             Began as a Mummy Fire Elementalist on Nov 22, 2013.
             Slain by an orc wizard
             ... wielding a -1,+0 orcish dagger
              (3 damage)
             ... on Level 4 of the Dungeon.
             The game lasted 00:11:12 (4152 turns).

Lilouch the Magician (Mummy Fire Elementalist)      Turns: 4152, Time: 00:11:13

HP  -2/30        AC  2     Str 11      XL: 4   Next: 93%
MP   2/9         EV 12     Int 15      God:
Gold 133         SH  0     Dex 12      Spells:  1 memorised,  8 levels left

Res.Fire  : x . .   See Invis. : .   l - +1 sling
Res.Cold  : + . .   Warding    : .   a - +0 robe
Life Prot.: + + +   Conserve   : .   (no shield)
Res.Poison: +       Res.Corr.  : .   (no helmet)
Res.Elec. : .       Clarity    : .   (no cloak)
Sust.Abil.: . .     Spirit.Shd : .   (no gloves)
Res.Mut.  : .       Stasis     : .   (no boots)
Res.Rott. : +       Flight     : .   (no amulet)
Saprovore : . . .                    (no ring)
                                     (no ring)

@: very slightly contaminated, slightly resistant to hostile enchantments,
unstealthy
A: no food or potions, fire vulnerability, restore body, cold resistance 1, life
protection 3, poison resistance, torment resistance, unbreathing
a: no special abilities


You were on level 4 of the Dungeon.
You were not hungry.

You visited 1 branch of the dungeon, and saw 4 of its levels.

You collected 113 gold pieces.

Inventory:

Hand weapons
 e - a +0,+0 club
 f - a +0,+0 spear
 k - a +0,+0 spear
 l - a +1,+1 sling (weapon)
 q - a +0,+1 orcish dagger
 r - a +0,+0 dagger
Missiles
 c - 29 poisoned needles
 d - 40 stones (quivered)
 j - an exploding dart
Armour
 a - a +0 robe (worn)
Magical devices
 p - a wand of random effects (15) {unknown}
Scrolls
 g - 2 scrolls of identify {unknown}
 h - a scroll of enchant weapon II {unknown}
 i - 2 scrolls of random uselessness {unknown}
 m - 2 scrolls of curse armour {unknown}
 n - 4 scrolls of remove curse {unknown}
 o - 4 scrolls of teleportation {unknown}
Books
 b - a book of Flames

   Spells                             Type                      Level
   *Flame Tongue                      Conjuration/Fire             1
   Throw Flame                        Conjuration/Fire             2
   Conjure Flame                      Conjuration/Fire             3
   Inner Flame                        Hexes/Fire                   3
   Sticky Flame                       Conjuration/Fire             4
   Fireball                           Conjuration/Fire             5


   Skills:
 - Level 1.5 Dodging
 - Level 1.5 Stealth
 * Level 3.4 Spellcasting
 + Level 1.5 Conjurations
 + Level 3.1 Fire Magic


You had 8 spell levels left.
You knew the following spells:

 Your Spells              Type           Power        Failure   Level  Hunger
a - Flame Tongue          Conj/Fire      #....        10%         1    N/A

Dungeon Overview and Level Annotations

Branches:
Dungeon (4/27)
 Temple: D:4-7

Altars:
Makhleb
Sif Muna
Trog
Jiyva

Annotations:
D:3 Grinder


Innate Abilities, Weirdness & Mutations

You do not eat or drink.
Your flesh is vulnerable to fire.
Your flesh is cold resistant.
You are immune to negative energy.
Your system is resistant to poisons.
You are immune to unholy pain and torment.
You can survive without breathing.


Message History

The orc wizard hits you with an orcish dagger.
Firing (i - inventory. (,) - cycle):
d - 41 stones (quivered)
Press: ? - help, Shift-Dir - straight line, f/p - orc wizard
Aim: an orc wizard, wielding an orcish dagger and wearing an orcish robe (severely wounded, moving very quickly)
You shoot a stone. The stone hits the orc wizard.
The orc wizard is severely wounded.
The orc wizard hits you with an orcish dagger.
* * * LOW HITPOINT WARNING * * *
The orc wizard gestures at you while chanting.
The magic dart hits you!
* * * LOW HITPOINT WARNING * * *
Casting: Flame Tongue
Confirm with . or Enter, or press ? or * to list all spells.
Aiming: Flame Tongue
Press: ? - help, Shift-Dir - straight line, f/p - orc wizard
Aim: an orc wizard, wielding an orcish dagger and wearing an orcish robe (severely wounded, moving very quickly)
The flame hits the orc wizard.
The orc wizard is severely wounded.
The orc wizard hits you with an orcish dagger.
You die...

#oo.!o.# #......#
#......# #§o....#
#......# #.# #.# #.#
#%# #.# #o##.# ## #.#
#@##.# . #.# #.##.# ##
#.###.##.# #.
#.....##.# #.
#.##(.##.########## #.
#.##..............###.
#.##..................
#.#........._.........
#.#.#.#...............


You could see an orc wizard and an orc.

Vanquished Creatures
  A worker ant (D:4)
  4 adders
  A worm (D:3)
  3 giant geckos
  4 oozes (D:4)
  2 orcs
  7 bats
  3 giant cockroaches
  4 goblins
  6 hobgoblins
  3 jackals (D:1)
  9 kobolds
  A ball python (D:2)
  4 giant newts
  9 rats
61 creatures vanquished.

Notes
Turn   | Place    | Note
--------------------------------------------------------------
     0 | D:1      | Lilouch, the Mummy Fire Elementalist, began the quest for the Orb.
     0 | D:1      | Reached XP level 1. HP: 13/13 MP: 3/3
   363 | D:1      | Reached XP level 2. HP: 19/19 MP: 4/4
  1552 | D:1      | Reached skill level 1 in Conjurations
  2065 | D:2      | Reached XP level 3. HP: 22/24 MP: 2/6
  2535 | D:2      | Found a burning altar of Makhleb.
  2535 | D:2      | Found a bloodstained altar of Trog.
  3220 | D:3      | Noticed Grinder
  3305 | D:3      | Reached skill level 3 in Fire Magic
  3314 | D:3      | Reached XP level 4. HP: 26/30 MP: 3/8
  3783 | D:3      | Found a deep blue altar of Sif Muna.
  4029 | D:4      | Found a viscous altar of Jiyva.
  4151 | D:4      | HP: 1/30 [orc wizard/magic dart (7)]
  4152 | D:4      | Slain by an orc wizard

Action                   |  1- 3 |  4- 6 || total
-------------------------+-------+-------++-------
Melee: Spear             |    56 |       ||    56
       Unarmed           |     3 |       ||     3
 Fire: Sling             |    36 |    32 ||    68
Throw: Stone             |    16 |       ||    16
 Cast: Flame Tongue      |    52 |    37 ||    89
